 Dungeon Crawl Stone Soup version 0.26-a0-1139-g7d2dc893a1 (webtiles) character file.

Game seed: 15204700289073482414

8 scholarmage0 the Cutter (level 2, -8/18 (20) HPs)
             Began as a Halfling Berserker on Dec 22, 2020.
             Was a Follower of Trog.
             Mangled by Crazy Yiuf
             ... wielding a +4 quarterstaff of chaos
              (12 damage)
             ... on level 2 of the Dungeon.
             The game lasted 00:06:17 (637 turns).

scholarmage0 the Cutter (Halfling Berserker)         Turns: 637, Time: 00:06:17

HP:   -8/18 (20)    AC:  2    Str: 18    XL:     2   Next: 15%
MP:   2/2           EV: 15    Int:  5    God:    Trog [*.....]
Gold: 56            SH:  0    Dex: 13    Spells: 1/1 levels left

rFire    . . .     SeeInvis .   a - +0 short sword
rCold    . . .     Faith    .   (shield restricted)
rNeg     . . .     Spirit   .   b - +0 animal skin
rPois    .         Reflect  .   (no helmet)
rElec    .         Harm     .   (no cloak)
rCorr    .         Rampage  .   (no gloves)
Will     .....                  (no boots)
Stlth    +.........             (no amulet)
HPRegen  0.06/turn              (no ring)
MPRegen  0.08/turn              (no ring)

@: heavily drained
A: small, mutation resistance 1
a: Renounce Religion, Berserk


You were on level 2 of the Dungeon.
You worshipped Trog.
Trog was aware of your devotion.
You visited 1 branch of the dungeon, and saw 2 of its levels.

You collected 56 gold pieces.

Inventory:

Hand Weapons
 a - a +0 short sword (weapon)
 n - a +0 dagger
 o - a +0 hand axe
 q - a +0 whip
Missiles
 d - 23 poisoned darts
 e - 45 stones (quivered)
Armour
 b - a +0 animal skin (worn)
 c - a +0 ring mail
 f - a +0 ring mail
 l - a +2 robe of willpower
 t - a +0 ring mail
 u - a +0 leather armour
Jewellery
 r - an uncursed amulet of faith {unknown}
Scrolls
 g - 3 scrolls of identify {unknown}
 h - 3 scrolls of teleportation {unknown}
 m - a scroll of fear {unknown}
 p - a scroll of magic mapping {unknown}
Potions
 i - 2 potions of heal wounds {unknown}
 j - a potion of invisibility {unknown}
 k - a potion of curing {unknown}
 s - a potion of degeneration {unknown}


   Skills:
 + Level 2.8 Fighting
 + Level 4.0 Short Blades
 + Level 0.1 Throwing
 + Level 2.2 Armour
 + Level 2.3 Dodging


You had one spell level left.
You didn't know any spells.
Your spell library was empty.

Dungeon Overview and Level Annotations

Branches:
Dungeon (2/15)

Altars:

Annotations:
D:2 Crazy Yiuf


Innate Abilities, Weirdness & Mutations

You are small and have problems with some larger weapons.
You are somewhat resistant to further mutation.


Message History

The fungus is lightly damaged.
A nearby fungus withers and dies.
Found a runed mace.
Found a runed translucent door.
Crazy Yiuf shouts!
You open the door. You hit Crazy Yiuf.
Crazy Yiuf is lightly wounded.
Crazy Yiuf laughs, "Pitchfork snail down!"
Crazy Yiuf closely misses you.
You barely miss Crazy Yiuf.
Crazy Yiuf is lightly wounded.
Crazy Yiuf hits you with a +4 quarterstaff of chaos!
Ouch! That really hurt!
You feel drained.
* * * LOW HITPOINT WARNING * * *
You hit Crazy Yiuf.
Crazy Yiuf is lightly wounded.
Crazy Yiuf hits you with a +4 quarterstaff of chaos!
Ouch! That really hurt!
You die...

#.###....#
#.# #....#
#.# ♣....♣
##########.#
♣..P♣♣
...........#
♣♣.♣♣
..........##
♣.♣♣
..........##
♣♣.♣
...........#
♣.♣♣
...........#
♣♣@♣
...........#
#g#
.######....#
... ##
#..##.#
#...#
######..##.#
#..)#
.........'.#
#####
.##..#..##.#
.##.....##.#
.#..##.#####


You could see Crazy Yiuf.

Vanquished Creatures
  A dart slug (D:1)
  A giant cockroach (D:1)
  A hobgoblin (D:1)
  2 frilled lizards
  2 rats (D:1)
7 creatures vanquished.

Vanquished Creatures (others)
  2 fungi (D:2)
2 creatures vanquished.

Grand Total: 9 creatures vanquished

Notes
Turn   | Place    | Note
-------+----------+-------------------------------------------
     0 | D:1      | scholarmage0 the Halfling Berserker began the quest for the
                  | Orb.
     0 | D:1      | Reached XP level 1. HP: 15/15 MP: 1/1
   252 | D:1      | Reached XP level 2. HP: 10/20 MP: 2/2
   545 | D:2      | Reached skill level 4 in Short Blades
   630 | D:2      | Found a runed translucent door.
   631 | D:2      | Noticed Crazy Yiuf
   637 | D:2      | Mangled by Crazy Yiuf

Illustrated notes

Levels and vault maps discovered:
D:1:      minmay_arrival_nine_rooms, layout_rooms
D:2:      layout_basic, nicolae_ru_great_annihilating_truth, uniq_sigmund,
          uniq_terence, uniq_crazy_yiuf_cottage

Skill      XL: |  1  2 |
---------------+-------+-----
Short Blades   | 4 |  4.0
Fighting       | |  2.8
Throwing       | |  0.1
Armour         | |  2.2
Dodging        | |  2.3

Action                   || total
-------------------------++-------
Melee: Short sword       ||    33
Throw: Stone             ||     4
Armor: Animal skin       ||     3
Dodge: Dodged            ||    13

Table legend: (Time is in decaauts)
 A = Elapsed time spent in this place.
 B = Non-inter-level travel time spent in this place.
 C = Inter-level travel time spent in this place.
 D = Time resting spent in this place.
 E = Time spent auto-exploring this place.
 F = Levels seen in this place.
 G = Mean time per level.
                   A        B        C        D        E       F      G
               +--------+--------+--------+--------+--------+-----+--------+
         Total |    634 |    600 |     34 |      0 |      0 |   2 |  317.0 |
       Dungeon |    634 |    600 |     34 |      0 |      0 |   2 |  317.0 |
               +--------+--------+--------+--------+--------+-----+--------+

Top non-repeatable levels by time:
     D:1: 535 daAuts
     D:2: 98 daAuts
